 Dungeon Crawl Stone Soup version 0.30-a0-948-g4fa250aae5 (webtiles) character file.

Game seed: 8942640996217860107

4263 jimonade the Protected (level 10, -6/84 (90) HPs)
             Began as a Hill Orc Fighter on Mar 26, 2023.
             Was a Follower of the Shining One.
             Mangled by a two-headed ogre
             ... wielding a +0 giant spiked club
              (11 damage)
             ... on level 7 of the Dungeon on Mar 27, 2023.
             The game lasted 00:15:55 (8467 turns).

jimonade the Protected (Hill Orc Fighter)           Turns: 8467, Time: 00:15:57

HP:   -6/84 (90)    AC: 21    Str: 22    XL:     10   Next: 31%
MP:   16/16         EV:  8    Int: 10    God:    the Shining One [*.....]
Gold: 482           SH:  6    Dex: 13    Spells: 9/9 levels left

rFire   + . .      SeeInvis .    a - +3 short sword (venom)
rCold   . . .      Faith    .    c - +0 buckler
rNeg    . . .      Spirit   .    I - +4 chain mail {rF+}
rPois   .          Reflect  .    o - +0 helmet
rElec   .          Rampage  .    (no cloak)
rCorr   +                        (no gloves)
Will    +....                    (no boots) Stlth
                                 (no amulet)
HPRegen 0.34/turn                k - +4 ring of protection
MPRegen 0.15/turn                j - ring of Oenomania {Will+ rCorr Dex+3}

@: glowing, drained
A: no striking features
a: Renounce Religion, Divine Shield


You were on level 7 of the Dungeon.
You worshipped the Shining One.
The Shining One was aware of your devotion.
You visited 2 branches of the dungeon, and saw 9 of its levels.
You also visited: Sewer.

You collected 482 gold pieces.

Inventory:

Hand Weapons
 a - a +3 short sword of venom (weapon)
 b - a +2 mace of protection
 e - a +0 war axe
 r - a +2 dagger of freezing
 t - a +2 long sword of protection
 v - a +2 heavy scimitar
 w - a +0 short sword of draining
 y - a +1 dagger of venom
 F - a +0 spear
 G - a +0 trident
 P - a +0 trident of protection
Missiles
 n - a curare-tipped dart
 M - 12 poisoned darts (quivered)
Armour
 c - a +0 buckler (worn)
 o - a +0 helmet (worn)
 s - a +1 chain mail of cold resistance
 B - +0 steam dragon scales
 I - a +4 chain mail of fire resistance (worn)
 J - a +0 chain mail
 R - +0 steam dragon scales
Jewellery
 j - the ring of Oenomania (right hand) {Will+ rCorr Dex+3}
   (You acquired it on level 5 of the Dungeon)

   [ring of resist corrosion]

   Dex:       It affects your dexterity (+3).
   rCorr:     It protects you from acid and corrosion.
   Will:      It increases your willpower.
 k - a +4 ring of protection (left hand)
 m - a +6 ring of intelligence
 D - a ring of willpower
 L - a ring of protection from cold
Wands
 O - a wand of mindburst (16)
 Q - a wand of charming (8)
Scrolls
 h - 2 scrolls of poison
 K - 3 scrolls of teleportation
 N - 3 scrolls of identify
Potions
 d - 3 potions of might
 f - 4 potions of invisibility
 g - 6 potions of curing
 i - 4 potions of heal wounds
 l - 2 potions of lignification {unknown}
 p - 3 potions of attraction
 q - a potion of ambrosia {unknown}
 u - a potion of cancellation {unknown}
 x - 2 potions of mutation {unknown}
 z - 3 potions of magic {unknown}
 A - a potion of resistance {unknown}
 C - 3 potions of degeneration
 E - 2 potions of flight {unknown}


   Skills:
 + Level 8.5 Fighting
 - Level 3.5 Short Blades
 - Level 2.8(3.2) Axes
 + Level 1.9(2.4) Maces & Flails
 + Level 9.8 Armour
 + Level 7.8 Shields
 * Level 8.5 Invocations


You had 9 spell levels left.
You didn't know any spells.
Your spell library contained the following spells:

 Spells                   Type           Power      Damage    Failure   Level
 Cigotuvi's Dreadful Rot  Necr/Pois/Air  0%         N/A       99%         2
 Poisonous Vapours        Pois/Air       0%         N/A       99%         2
 Mephitic Cloud           Conj/Pois/Air  0%         N/A       100%        3
 Summon Forest            Summ/Tloc      0%         N/A       100%        5
 Eringya's Noxious Bog    Tmut/Pois      0%         N/A       100%        6
 Summon Hydra             Summ           0%         N/A       100%        7


Dungeon Overview and Level Annotations

Branches:
Dungeon (8/15)             Temple (1/1) D:6           Sewer (visited)
   Lair: D:8-11

Altars:
Cheibriados
Dithmenos
Elyvilon
Gozag
Kikubaaqudgha
Makhleb
Qazlal
Ru
Trog
Uskayaw
Vehumet
Wu Jian
Xom
Yredelemnul
Zin
The Shining One

Shops:
D:4 !


Message History

The two-headed ogre completely misses you.
You hit the two-headed ogre but do no damage.
The two-headed ogre is lightly wounded.
You hit the two-headed ogre.
The two-headed ogre is poisoned.
The two-headed ogre is lightly wounded.
The two-headed ogre hits you with a +0 giant spiked club!!
The two-headed ogre hits you with a +0 giant club!
You are too injured to fight recklessly!
You are too injured to fight recklessly!
You are too injured to fight recklessly!
You completely miss the two-headed ogre.
The two-headed ogre is lightly wounded.
You hit the two-headed ogre.
The two-headed ogre looks as sick as possible!
The two-headed ogre is lightly wounded.
The two-headed ogre hits you with a +0 giant spiked club.
You block the two-headed ogre's attack.
You hit the two-headed ogre but do no damage.
The two-headed ogre looks as sick as possible!
The two-headed ogre is moderately wounded.
You puncture the two-headed ogre!
The two-headed ogre looks as sick as possible!
The two-headed ogre is moderately wounded.
The two-headed ogre hits you with a +0 giant spiked club!
* * * LOW HITPOINT WARNING * * *
The two-headed ogre hits you with a +0 giant club!
* * * LOW HITPOINT WARNING * * *
You hit the two-headed ogre.
The two-headed ogre is heavily wounded.
The two-headed ogre completely misses you.
The two-headed ogre hits you with a +0 giant club!
The Shining One protects you from harm!
You hit the two-headed ogre.
The two-headed ogre looks as sick as possible!
The two-headed ogre is heavily wounded.
You hit the two-headed ogre.
The two-headed ogre looks as sick as possible!
The two-headed ogre is heavily wounded.
The two-headed ogre hits you with a +0 giant spiked club!
You die...

......##..............#...#......
............[...)#†##.....##.....
......##.#.....#..........##.....
......###.....##.##........##....
........#......#..##........#....
...............................##
.............##.....##.....#....#
...............O)[..#......##.###
........###.>...@.........###.#
.........##....).)...##.### ###
..........#........######
....................#
...................##
.....÷...........###
................##
...............##
................#


You could see a two-headed ogre (extremely poisoned).

Vanquished Creatures
  Maggie (D:6)
  6 yaks (D:7)
  A steam dragon (D:7)
  A vampire mosquito (D:7)
  3 water moccasins
  An orc warrior (D:6)
  2 black bears
  2 ogres
  2 centaurs
  A phantom (D:6)
  3 kobold brigands
  3 bullfrogs
  4 scorpions
  2 gnoll boudas (D:6)
  4 hounds (D:6)
  3 jellies (D:6)
  4 orc priests
  Jessica (D:2)
  2 orc wizards
  Terence (D:3)
  7 iguanas
  3 sleepcaps
  Natasha (thrice) (D:3)
  Ijyb (D:3)
  Robin (D:2)
  11 adders
  3 river rats (Sewer)
  7 gnolls
  A shadow imp (D:4)
  2 white imps
  2 ufetubi
  A worm (D:2)
  4 dart slugs
  18 orcs
  10 ball pythons
  3 endoplasms
  6 giant cockroaches
  14 goblins
  13 hobgoblins
  7 jackals
  27 kobolds
  4 quokkas
  7 bats
  4 frilled lizards
  21 rats
227 creatures vanquished.

Notes
Turn   | Place    | Note
-------+----------+-------------------------------------------
     0 | D:1      | jimonade the Hill Orc Fighter began the quest for the Orb.
     0 | D:1      | Reached XP level 1. HP: 19/19 MP: 1/1
   112 | D:1      | Reached XP level 2. HP: 24/27 MP: 2/2
   164 | D:1      | Reached skill level 1 in Invocations
   202 | D:1      | Reached XP level 3. HP: 29/33 MP: 2/4
   506 | D:2      | Noticed Jessica
   512 | D:2      | Killed Jessica
   513 | D:2      | Reached skill level 4 in Armour
   513 | D:2      | Reached XP level 4. HP: 35/40 MP: 5/5
   704 | D:2      | Reached skill level 1 in Short Blades
   901 | D:2      | Noticed Robin
   913 | D:2      | Killed Robin
  1467 | D:2      | Reached XP level 5. HP: 46/46 MP: 6/6
  1865 | D:3      | Noticed Terence
  1881 | D:3      | Killed Terence
  1976 | D:3      | Noticed Natasha
  1987 | D:3      | Killed Natasha
  1988 | D:3      | Reached XP level 6. HP: 53/53 MP: 8/8
  2027 | D:3      | Noticed Ijyb
  2044 | D:3      | Killed Ijyb
  2220 | D:3      | Noticed Natasha
  2232 | D:3      | Killed Natasha
  2310 | D:3      | Noticed Natasha
  2316 | D:3      | Killed Natasha
  2432 | D:3      | Reached skill level 5 in Armour
  2528 | D:3      | Found a glowing silver altar of Zin.
  2729 | D:4      | Reached XP level 7. HP: 54/60 MP: 9/9
  2874 | D:4      | Found a glowing drain.
  2879 | Sewer    | Entered a sewer
  3760 | D:4      | Found Zithraw's Distillery.
  4160 | D:4      | Found a white marble altar of Elyvilon.
  4184 | D:4      | Reached skill level 5 in Fighting
  4341 | D:4      | Found a sacrificial altar of Ru.
  4430 | D:5      | Entered Level 5 of the Dungeon
  4512 | D:5      | Reached skill level 6 in Armour
  4827 | D:5      | Reached XP level 8. HP: 58/68 MP: 11/11
  4908 | D:5      | Reached skill level 5 in Shields
  4908 | D:5      | Reached skill level 5 in Invocations
  5339 | D:5      | Identified a scroll of acquirement
  5339 | D:5      | Acquired the ring of Oenomania {Will+ rCorr Dex+3}
  5577 | D:6      | Reached skill level 7 in Armour
  5612 | D:6      | Noticed Maggie
  5629 | D:6      | Killed Maggie
  5799 | D:6      | Reached XP level 9. HP: 58/78 MP: 13/13
  5940 | D:6      | Reached skill level 8 in Armour
  6462 | D:6      | Found a radiant altar of Vehumet.
  6462 | D:6      | Found an opulent altar of Gozag.
  6490 | D:6      | Found a staircase to the Ecumenical Temple.
  6561 | Temple   | Entered the Ecumenical Temple
  6742 | Temple   | Became a worshipper of the Shining One
  7041 | D:7      | Reached skill level 9 in Armour
  7708 | D:7      | Found a hide-covered altar of Uskayaw.
  7708 | D:7      | Noticed a +0 dagger
  7708 | D:7      | Noticed a +0 spear
  7708 | D:7      | Noticed a +0 dagger
  7709 | D:7      | Noticed a +0 falchion
  7709 | D:7      | Noticed a +0 spear
  7710 | D:7      | Noticed a +0 short sword
  7711 | D:7      | Noticed a +0 falchion
  7711 | D:7      | Noticed a +0 short sword
  7774 | D:7      | Reached skill level 1 in Maces & Flails
  7890 | D:7      | Reached * piety under the Shining One
  8079 | D:8      | Noticed a hornet
  8110 | D:7      | Reached XP level 10. HP: 56/88 MP: 14/16
  8449 | D:8      | Noticed a two-headed ogre
  8452 | D:8      | Noticed a five-headed hydra
  8455 | D:8      | Noticed a catoblepas
  8465 | D:7      | The Shining One protects you from harm!
  8467 | D:7      | Mangled by a two-headed ogre

Illustrated notes

Levels and vault maps discovered:
D:1:      dpeg_arrival_pond, layout_rooms
D:2:      layout_basic, uniq_jessica, uniq_robin
D:3:      cheibrodos_pilgrimage, layout_loops_cross, zin_statuary,
          hangedman_feature_mirror, uniq_natasha, uniq_ijyb, uniq_terence
D:4:      layout_loops_ring, nicolae_elyvilon_peaceful_grove, marbit_many_paths,
          portal_sewer_entry_e, serial_shops, nicolae_lakefront_shop
D:5:      layout_basic, kennysheep_generic_room_10
D:6:      layout_cave_pools, gammafunk_temple_overflow_statue, temple_hall,
          serial_bayou_pond_b, minmay_misc_feat_encased, minmay_joined_circles,
          uniq_maggie
D:7:      layout_cave_pools, nicolae_uskayaw_en_pointe,
          minmay_misc_feat_nine_boxes
D:8:      minmay_the_grid_square_5x5_3x3 [minmay_the_grid_square_5x5_bracketed,
          minmay_the_grid_square_5x5_three,
          minmay_the_grid_square_5x5_hourglass,
          minmay_the_grid_square_5x5_corner,
          minmay_the_grid_square_5x5_megaprize_open,
          minmay_the_grid_square_5x5_gyroscope,
          minmay_the_grid_square_5x5_fancy_junction,
          minmay_the_grid_square_5x5_inner_z, minmay_the_grid_square_5x5_bite],
          layout_cave_pools, david_lair_generic, uniq_grum
Temple:   nicolae_temple_bog_church

Skill      XL: |  1  2  3  4  5  6  7  8  9 10 |
---------------+-------------------------------+-----
Invocations    | 1 2 3 4 6 8 |  8.5
Fighting       | 4 5 6 7 8 |  8.5
Armour         | 4 5 6 7 9 |  9.8
Short Blades   | 1 2 3 |  3.5
Shields        | 4 5 7 |  7.8
Maces & Flails | 1 |  1.9
Axes           | |  2.8

Action                     |  1- 3 |  4- 6 |  7- 9 | 10-12 || total
---------------------------+-------+-------+-------+-------++-------
  Melee: War axe           |    13 |       |       |       ||    13
         Dagger            |    81 |   232 |   109 |       ||   422
         Short sword       |       |       |   472 |    75 ||   547
         Mace              |       |       |     7 |       ||     7
    Use: Scroll            |       |       |    13 |       ||    13
 Armour: Scale mail        |    51 |    71 |       |       ||   122
         Chain mail        |       |    25 |   321 |    56 ||   402
  Dodge: Dodged            |    53 |    83 |   194 |    37 ||   367
  Block: Buckler           |    21 |    38 |   148 |    24 ||   231

Table legend: (Time is in decaauts)
 A = Elapsed time spent in this place.
 B = Non-inter-level travel time spent in this place.
 C = Inter-level travel time spent in this place.
 D = Time resting spent in this place.
 E = Time spent auto-exploring this place.
 F = Levels seen in this place.
 G = Mean time per level.
                   A        B        C        D        E       F      G
               +--------+--------+--------+--------+--------+-----+--------+
         Total |   8391 |   7998 |    393 |    925 |   5132 |  10 |  839.1 |
       Dungeon |   7458 |   7098 |    360 |    770 |   4655 |   8 |  932.2 |
        Temple |    190 |    157 |     33 |      0 |    146 |   1 |  190.0 |
         Sewer |    743 |    743 |      0 |    155 |    330 |   1 |  743.0 |
               +--------+--------+--------+--------+--------+-----+--------+

Top non-repeatable levels by time:
     D:7: 1513 daAuts
     D:6: 1269 daAuts
     D:2: 1033 daAuts
     D:4: 1033 daAuts
     D:5: 973 daAuts
     D:3: 956 daAuts
   Sewer: 743 daAuts
     D:1: 648 daAuts
  Temple: 190 daAuts
     D:8: 30 daAuts
